Cogmind - Beta 17.1 @@@ ROGUE MODE // 2026.09.12 @ 02:37:47 Player: zed Result: Destroyed self with Grenade Launcher Performance ------------- Evolutions (0) 0 Regions Visited (2) 400 Robots Destroyed (28) 140 Value Destroyed (717) 717 Prototype IDs (0) 0 Alien Tech Used (0) 0 Bonus (0) 0 TOTAL SCORE: 1257 Bonus ------- None Cogmind --------- Core Integrity 0/250 Matter 273/300 Energy 199/200 System Corruption 1% Temperature Cool (0) Movement Rolling (110) Location -10/Subcaves Parts ------- > --- POWER (1) -------- Subdweller Power Source > --- PROPULSION (2) --- Subdweller Monowheel Subdweller Monowheel > --- UTILITY (2) ------ Medium Storage Unit > --- WEAPON (2) ------- Subdweller Machine Gun Grenade Launcher > --- INVENTORY (10) --- Subdweller Power Source Subdweller Power Source Carbon-fiber Leg Carbon-fiber Leg Subdweller Monowheel Heat Sink Small Storage Unit Beamcaster Subdweller Machine Gun Ripper Peak State ------------ > --- POWER ------------ Subdweller Power Source > --- PROPULSION ------- Subdweller Monowheel Subdweller Monowheel > --- UTILITY ---------- Medium Storage Unit Visual Processing Unit > --- WEAPON ----------- Subdweller Machine Gun Subdweller Machine Gun > --- INVENTORY -------- Subdweller Power Source Subdweller Power Source Carbon-fiber Leg Flight Unit Flight Unit Heat Sink Small Storage Unit Beamcaster Ripper [Rating: 15] Favorites ----------- Power Ion Engine Engine Ion Engine Propulsion Light Treads Treads Light Treads Wheel Subdweller Monowheel Flight Unit Flight Unit Utility Medium Storage Unit Device Subdweller Optics Storage Medium Storage Unit Processor Visual Processing Unit Weapon Subdweller Machine Gun Energy Gun Particle Gun Ballistic Gun Subdweller Machine Gun Ballistic Cannon Light Cannon Launcher Grenade Launcher Impact Weapon Flail Slashing Weapon Ripper Build | -11 -10 -10 ------- Run | Yrd Mat Sub Slots Evolved . | . . . Power . | . . . Propulsion . | . . . Utility . | . . . Weapon . | . . . Parts Attached 27 | 6 7 14 Power 4 | 1 . 3 Engine 4 | 1 . 3 Core . | . . . Reactor . | . . . Propulsion 7 | 2 . 5 Treads 2 | 2 . . Leg . | . . . Wheel 3 | . . 3 Hover . | . . . Flight 2 | . . 2 Utility 5 | 1 3 1 Device 2 | . 1 1 Storage 2 | 1 1 . Processor 1 | . 1 . Hackware . | . . . Protection . | . . . Artifact . | . . . Weapon 11 | 2 4 5 Energy Gun 2 | 1 1 . Energy Cannon . | . . . Ballistic Gun 5 | 1 1 3 Ballistic Cannon 1 | . 1 . Launcher 1 | . . 1 Special Weapon . | . . . Impact Weapon 1 | . 1 . Slashing Weapon 1 | . . 1 Piercing Weapon . | . . . Special Melee Weapon . | . . . Unidentified Prototypes . | . . . Parts Lost 6 | . 2 4 Power 1 | . . 1 Propulsion 3 | . 1 2 Utility . | . . . Weapon 2 | . 1 1 Highest Loss Streak 2 | . 1 2 To Critical Strikes . | . . . Average Backups 8 | 1 7 9 Power 1 | . 1 1 Propulsion 2 | . 1 2 Utility 1 | . 1 2 Weapon 2 | . 2 2 Tool/Special . | . . . Unused Backups 12 | . 3 9 Power 3 | . . 3 Propulsion 5 | . 2 3 Utility 1 | . . 1 Weapon 3 | . 1 2 Tool/Special . | . . . Average Slot Usage (%) 94 | . 95 92 Engine 13 | . 14 13 Treads 14 | . 25 1 Wheel 10 | . . 23 Device 3 | . 2 4 Storage 13 | . 14 13 Processor 7 | . 9 5 Energy Gun 4 | . 8 . Ballistic Gun 13 | . 7 19 Ballistic Cannon 6 | . 10 1 Launcher 2 | . . 5 Peak Build Rating 15 | 6 10 15 Average Rating 10 | 4 8 13 On Entrance 4 | . 6 8 Avg Prop Armor Cover (%) . | . . . Naked Turns . | . . . Heaviest Build 25 | 14 21 25 Greatest Support 40 | 40 40 40 Greatest Overweight (x) 1 | . . 1 Average Overweight (x) . | . . . Largest Inventory Capacity 10 | 8 10 10 Average Capacity 9 | 7 9 9 Most Carried 10 | 4 10 10 Average Carried 8 | 1 7 9 Final Capacity 10 | 8 10 10 Final Carried 10 | 4 10 10 Class Distribution -------------------- 60% | Mutant 39% | Scavenger-Mutant Dominant Class ---------------- Mutant | -10/Materials Scavenger-Mutant | -10/Subcaves Resources | -11 -10 -10 ----------- Run | Yrd Mat Sub Matter Collected 955 | 265 334 356 Remotely . | . . . Salvage Created 626 | . 411 215 Parts 47 | . 28 19 Haulers Intercepted . | . . . Recyclers Shooed . | . . . Parts Field Recycled . | . . . Retrieved Matter . | . . . Parts Self-Destructed 8 | . . 8 Prevented . | . . . Parts Restored . | . . . Kills | -11 -10 -10 ------- Run | Yrd Mat Sub Combat Hostiles Destroyed 22 | . 11 11 Guns 9 | . 6 3 Cannons 5 | . 5 . AOE 8 | . . 8 Classes Destroyed 7 | . 6 1 Worker 1 | . 1 . Tunneler 1 | . 1 . Mechanic 1 | . 1 . Watcher 3 | . 3 . Swarmer 7 | . 3 4 Grunt 8 | . 8 . Subdweller 7 | . . 7 Best Kill Streak 4 | . 3 4 Combat Bots Only 4 | . 2 4 Max Kills in Single Turn 2 | . 2 2 Gunslinging . | . . . Exploded 2 | . . 2 Melee . | . . . Uniques/NPCs Destroyed . | . . . Combat | -11 -10 -10 -------- Run | Yrd Mat Sub Hostile Shots Fired 121 | . 67 54 Missed 39 | . 19 20 Hits 82 | . 48 34 Projectile 82 | . 48 34 Critical Strikes 1 | . . 1 Damage Taken 1259 | . 564 695 Core 256 | . 144 112 Absorbed by Shields . | . . . Core Remaining (%) 100 | 100 . . Volleys Fired 91 | . 59 32 Largest 2 | . 2 2 Hottest 95 | . 95 60 Shots Fired 166 | . 104 62 Gun 112 | . 67 45 Cannon 45 | . 37 8 Launcher 9 | . . 9 Special . | . . . Kinetic 127 | . 74 53 Thermal 30 | . 30 . Explosive 9 | . . 9 Electromagnetic . | . . . Robot Hit Streak 8 | . 8 8 Robot Miss Streak 5 | . 5 3 Penetration Max . | . . . Secondary Targets . | . . . Shots Hit Robots 103 | . 64 39 Core Hits 44 | . 24 20 Critical Kills . | . . . Critical Parts Destroyed . | . . . Critical Strikes 2 | . 1 1 Burn 1 | . 1 . Blast 1 | . . 1 Melee Attacks 7 | . 1 6 Impact 1 | . 1 . Slashing 6 | . . 6 Piercing . | . . . Sneak Attacks . | . . . Combat Hostiles . | . . . Follow-up Attacks . | . . . Damage Inflicted 2165 | . 985 1180 Guns 1127 | . 613 514 Cannons 426 | . 353 73 Explosions 593 | . . 593 Melee 19 | . 19 . Ramming . | . . . Kinetic 1203 | . 616 587 Thermal 350 | . 350 . Explosive 593 | . . 593 Electromagnetic . | . . . Impact 19 | . 19 . Slashing . | . . . Piercing . | . . . Highest Corruption 1 | . 1 1 Average Corruption 1 | . 1 1 Corruption Purged . | . . . Corruption Blocked . | . . . Effects 8 | . 5 3 Message Errors 1 | . 1 . Matter Fused 2 | . . 2 Heat Flow Errors 2 | . 1 1 Parts Fused 1 | . 1 . Data Loss (minor) 2 | . 2 . Overload Shots . | . . . Overflow Damage 13 | . 13 . Projectiles 13 | . 13 . Explosions . | . . . Melee . | . . . Knockbacks 3 | . 3 . Impact . | . . . Kinetic 3 | . 3 . Secondary . | . . . Self-Inflicted Damage 7 | . . 7 Shots 1 | . . 1 Rammed . | . . . Targets Rammed . | . . . Kicked . | . . . Crushed . | . . . Highest Temperature 261 | . 258 261 Average Temperature 74 | . 70 141 Received Heat Transfer 408 | . 246 162 Siege Activations . | . . . Martial Activations . | . . . Shielding Activations . | . . . Robots Disrupted . | . . . Combat Hostiles . | . . . Robots Corrupted . | . . . Combat Hostiles . | . . . Parts Fried . | . . . Impact Corruptions . | . . . Robots Melted . | . . . Combat Hostiles . | . . . Parts Melted . | . . . Heat Transferred 962 | . 962 . Parts Sabotaged . | . . . Parts Stolen . | . . . Parts Stripped . | . . . Power Chain Reactions . | . . . Alert | -11 -10 -10 ------- Run | Yrd Mat Sub Maximum Alert Level . | . . . Low Security (%) 100 | 100 100 . Level 1 . | . . . Level 2 . | . . . Level 3 . | . . . Level 4 . | . . . Level 5 . | . . . High Security . | . . . Max Security . | . . . Peak Influence 78 | . 78 . Initial . | . . . Average 19 | . 20 . Influence Increases 457 | . 317 140 Destroy 0b10 Robot/C 300 | . 220 80 Destroy 0b10 Robot/NC 30 | . 30 . Destroy Leader 36 | . 36 . Destroy Structure 1 | . 1 . Lose Combat Pursuer 90 | . 30 60 Influence Decreases 323 | . 293 30 Entered New Map 12 | . . 12 Time Decay 291 | . 273 18 Lost Part 20 | . 20 . Squads Dispatched . | . . . Investigation . | . . . Extermination . | . . . Reinforcement . | . . . Assault . | . . . Garrison . | . . . Intercept . | . . . Searches Triggered . | . . . Construction Impeded . | . . . Haulers Reinforced . | . . . Active Scanning Responses . | . . . Cargo Convoy Interrupts . | . . . Stealth | -11 -10 -10 --------- Run | Yrd Mat Sub Distress Signals . | . . . Communications Jammed . | . . . Distress Signals . | . . . Times Spotted 39 | . 17 22 Peak Tracking Total 6 | . 2 6 Tactical Retreats 2 | . 1 1 Traps | -11 -10 -10 ------- Run | Yrd Mat Sub Traps Triggered 2 | . 1 1 Indirectly . | . . . Trap Hack Attempts . | . . . Triggered . | . . . Disarmed . | . . . Reprogrammed . | . . . Reused . | . . . Traps Extracted . | . . . Installed . | . . . Triggered . | . . . Machines | -11 -10 -10 ---------- Run | Yrd Mat Sub Machines Disabled 3 | . 1 2 Max in Single Turn 2 | . 1 2 Machines Repaired . | . . . Machines Dismantled . | . . . Machines Sabotaged . | . . . Overloaded Fab Kills . | . . . Hacking | -11 -10 -10 --------- Run | Yrd Mat Sub Machines Accessed . | . . . Terminals . | . . . Fabricators . | . . . Repair Stations . | . . . Recycling Units . | . . . Scanalyzers . | . . . Garrison Access . | . . . Total Hacks . | . . . Successful . | . . . Failed . | . . . Catastrophic . | . . . Database Lockouts . | . . . Manual . | . . . Terminals . | . . . Fabricators . | . . . Repair Stations . | . . . Recycling Units . | . . . Scanalyzers . | . . . Garrison Access . | . . . Terminal Hacks . | . . . Fabricator Hacks . | . . . Repair Station Hacks . | . . . Recycling Unit Hacks . | . . . Scanalyzer . | . . . Garrison Access Hacks . | . . . Unauthorized Hacks . | . . . Terminals . | . . . Fabricators . | . . . Repair Stations . | . . . Recycling Units . | . . . Scanalyzers . | . . . Garrison Access . | . . . Data Cores Recovered . | . . . Used . | . . . Hacking Detections . | . . . Full Trace Events . | . . . Feedback Events . | . . . Feedback Blocked . | . . . Robot Schematics Acquired . | . . . Robots Built . | . . . Authchips . | . . . Time . | . . . Total Robot Build Rating . | . . . Part Schematics Acquired . | . . . Parts Built . | . . . Authchips . | . . . Time . | . . . Total Part Build Rating . | . . . Part Studies Acquired . | . . . Parts Repaired . | . . . Time . | . . . Parts Recycled . | . . . Recycled Matter . | . . . Retrieved Matter . | . . . Retrieved Components . | . . . Parts Scanalyzed . | . . . Part Schematics Acquired . | . . . Parts Damaged . | . . . Bothacking | -11 -10 -10 ------------ Run | Yrd Mat Sub Used RIF Installer . | . . . Robots Hacked . | . . . Non-combat . | . . . Combat . | . . . Robot Hacks Applied . | . . . Relay Couplers Released . | . . . Fabnet Peak Effective % . | . . . Robots Rewired . | . . . Allies Hacked . | . . . Hacks Repelled . | . . . Allies | -11 -10 -10 -------- Run | Yrd Mat Sub Total Allies . | . . . Largest Group . | . . . Highest-Rated Group . | . . . Highest-Rated Ally . | . . . Total Orders . | . . . Ally Attacks . | . . . Total Damage . | . . . Kills . | . . . Allies Corrupted . | . . . Allies Melted 1 | . . 1 Intel | -11 -10 -10 ------- Run | Yrd Mat Sub Active Infowar (turns) 1365 | . 742 623 Optics 1365 | . 742 623 Robot Analysis Total . | . . . Derelict Logs Recovered . | . . . Drone Launches . | . . . Drone Recoveries . | . . . Exploration | -11 -10 -10 ------------- Run | Yrd Mat Sub Turns Passed 2038 | 92 1059 887 Spaces Moved 1179 | 52 522 605 Core 4 | 4 . . Treads 612 | 48 522 42 Legs . | . . . Wheels 556 | . . 556 Hover . | . . . Flight 7 | . . 7 Fastest Speed 37 | 50 160 37 Average Speed 135 | 151 160 112 Slowest Speed 160 | 160 160 160 Overloaded Moves . | . . . Propulsion Burnouts . | . . . Robots Hopped . | . . . Potential Cave-ins . | . . . Cave-ins Triggered . | . . . Exploration Rate (%) 34 | 5 69 29 Regions Visited 2 Branch Regions 1 Pre-discovered Areas . | . . . Known Exits Taken . | . . . Unknown Exits Taken 2 | 1 1 . Scrap Searched 2 | . . 2 Spaces Dug 3 | . . 3 Terrain Destroyed 56 | . . 56 Melee 3 | . . 3 Projectile . | . . . AOE 53 | . . 53 Terrain Rammed . | . . . Walls Destroyed . | . . . Machines Disabled . | . . . Actions | -11 -10 -10 --------- Run | Yrd Mat Sub Total 1445 | 63 640 742 Wait 86 | . 36 50 Move 1177 | 51 521 605 Hop . | . . . Pick Up 29 | 4 10 15 Fast Attach 11 | 6 1 4 Attach 8 | 1 2 5 Detach 4 | 1 1 2 Swap 14 | . 5 9 Drop 18 | . 4 14 Fire 91 | . 59 32 Melee 7 | . 1 6 Ram . | . . . Kick . | . . . Crush . | . . . Escape Stasis . | . . . Rewire . | . . . Trap . | . . . Miscellaneous . | . . . Route ------- -11/Scrapyard -10/Materials (discovered 4 exits: [*Mat x2] / [*Min] / [*Sub]) -10/Subcaves (discovered 2 exits: [*Mat] / [*Rec]) History --------- Turn | Location | Event 8 | -11/Scrapyard | Discovered new exit (range 15) 93 | -11/Scrapyard | Entered Materials 314 | -10/Materials | Build established: Mutant 388 | -10/Materials | Discovered new exit (range 16) 567 | -10/Materials | Discovered new exit (range 17) 810 | -10/Materials | Discovered new exit (range 13) 924 | -10/Materials | Core integrity fell below 50% 1134 | -10/Materials | Discovered new exit (range 8) 1152 | -10/Materials | Entered Subcaves 1153 | -10/Subcaves | Approached by a straggling Scientist 1279 | -10/Subcaves | Discovered new exit (range 5) 1326 | -10/Subcaves | Shifting Twisted Machinery released Ripper 1341 | -10/Subcaves | Shifting Twisted Machinery released Piercing Trap 1389 | -10/Subcaves | Ambushed by swarm of Subdwellers 1480 | -10/Subcaves | Lost 4 allies 1550 | -10/Subcaves | Build established: Scavenger-Mutant 1610 | -10/Subcaves | Core integrity fell below 20% 1787 | -10/Subcaves | Shifting Twisted Machinery released Spk. Treads 1816 | -10/Subcaves | A swath of the cavern ceiling suddenly collapsed 2035 | -10/Subcaves | Discovered new exit (range 10) 2039 | -10/Subcaves | Destroyed self with Grenade Launcher Last Messages --------------- Dropped Broken Sub. Optics. Spk. Treads falls loose from the Twisted Machinery. A swath of the cavern ceiling suddenly collapses. System corrupted: Matter fused (-8). System corrupted: Matter fused (-10). SA-0RH(R) destroyed. Y5-NXL(R) destroyed. Acquired 37 matter. Acquired 19 matter. S-10 Pest springs to life. Destroyed Flight Unit. S-10 Pest destroyed. Lgt. Ion Engine fries itself beyond repair. Acquired 7 matter. Acquired 12 matter. EXIT=FOUND Machine disabled. S-10 Pest destroyed. Map ----- +----------------------------------------------------+ | ???????## #????????????????????????????? | | ????????## ## #????????????????????????????? | | ????????## ### ###??????????????????????????? | | ????????# ## #??????????????????????????? | | ????????# # #??????????????????????????? | | ????????# ## ##??????????????????????????? | | ????????## ## ##???????????????????????????? | | ?????????# ### ######????????????????????????? | | ?????????# ##?###### #????????????????????????? | | ?????##### #####???# ###??????????????????????? | | ????## ## ##??# ###????????????????????? | | ???## ##?# ""##???????????????????? | | ???# ### #???????????????????? | | ???# ##??????????????????? | | ???# ###"???????????????? | | ???## ## ! ## """#??????????????? | | ????#### ## & = ##?? " #??????????????? | | ???????### ! ##?? "????????????????? | | ???????### #?# ??????????????????? | | ??????## # ## #???????????????????? | | ??????# ##### #???????????????????? | | ?????## #???## ##???????????????????? | | ????## ##????## ########??????????????? | | ???## ########???# #" """#??????????????? | | ??## ##?#### ##### "#??????????????? | | ??# # ##?# ## @ #?????????????? | | ??# #?# ### %= t #?????????????? | | ??## # ### ## * < #????????????? | | ???#### # # ## t ##????????????? | | ??????# ## #### #?????????????? | | ??????# ## ##??? #?????????????? | | ??????####### # #???" """##?????????????? | | ??????#### # ##????######??????????????? | | ??????# * # #????????????????????????? | | ####??## # & = ####????????????????????????? | | #??## ###### &&& ##???????????????????????????? | | #### ##??### ! #????????????????????????????? | | & #" #??# # #????????????????????????????? | | ##??## ##?###???????????????????????? | | &"#"*#####????## ## #???????????????????????? | | &### ##???????# #???????????????????????? | | %## ##?????# ## ##???????????????????????? | | ### #????# #### ###????????????????????????? | | ??## ##????# ???###??????????????????????????? | | ???# ##????## #????????????????????????????????? | | ???## #?????##?????????????????????????????????? | | ????# ###??????????????????????????????????????? | | ????## #??????????????????????????????????????? | | ????# ^ #??????????????????????????????????????? | | ???## ^###??????????????????????????????????????? | +----------------------------------------------------+ Best States ------------- Heat Dissipation 35 Energy Generation 15 Energy Capacity 250 Matter Stores 300 Matter Capacity 300 Sight Range 21 Terrain Scan Density 10 Evasion (%) 50 Recoil Reduction 2 Item Schematics ----------------- None Robot Schematics ------------------ None Fabricated ------------ Nothing Repaired ---------- Nothing Studied --------- None Alien Tech Used ----------------- None Achievements -------------- None Challenges ------------ None Game ------ Seed ProjectileMatterTerminator Manual? 0 Play Time 00:33:42 Cumulative 22.8 hours Start 2026.09.12 @ 02:02:53 End 2026.09.12 @ 02:37:47 Sessions 1 Manual Loads 0 Difficulty Rogue Special Mode None Game No. 7 Rogue 7 Adventurer 0 Explorer 0 Win Type - Total 0 Types 0/0/0/0/0/0/0/0/0/0 Lore% 16 Gallery% 18 Achievement% 17 Wizard Run 0 Options --------- Layout 1 ASCII 0 Keyboard 0 Movement Numpad Keybinds 0 Fullscreen 2 Font 32/SmallcapsGlow Map View 50x35 Zoom Use 0% Tactical HUD 0 Map Filters NONE Filters NONE Steam 1 RUN: 836d00f8-81bd-4534-af18-fb8e4ac55ec0